 Dungeon Crawl Stone Soup version 0.27.0-1-g7a089689b8 (webtiles) character file.

Game seed: 15715175216613462238

4826 Angani the Fighter (level 10, 0/127 HPs)
             Began as a Palentonga Conjurer on July 30, 2021.
             Was a Priest of Cheibriados.
             Slain by an elephant (2 damage)
             ... on level 9 of the Dungeon.
             The game lasted 00:28:16 (11140 turns).

Angani the Fighter (Palentonga Conjurer)           Turns: 11140, Time: 00:28:16

Health: 0/127      AC: 25    Str: 18    XL:     10   Next: 25%
Magic:  14/15      EV:  1    Int: 37    God:    Cheibriados [***...]
Gold:   50         SH:  0    Dex: 16    Spells: 13/16 levels left

rFire    . . .     SeeInvis +   h - +1 double sword
rCold    . . .     Faith    .   (no shield)
rNeg     + + +     Spirit   .   (armour currently unavailable)
rPois    +         Reflect  .   (helmet currently unavailable)
rElec    .         Harm     .   (cloak currently unavailable)
rCorr    +         Rampage  .   (gloves currently unavailable)
Will     .....     NoTele   +   (no barding)
Stlth    ++........             m - amulet of magic regeneration
HPRegen  0.31/turn              t - +6 ring of intelligence
MPRegen  0.39/turn              e - ring of resist corrosion

@: brilliant, tree-form, marked, very slightly contaminated, invisible, very
slow
A: stationary, stasis, torment immunity, boosted hp, large, rugged brown scales
3, see invisible, (deformed body), (roll 1), (armoured tail), (reflexive curl)
a: Renounce Religion, Bend Time, Temporal Distortion


You were on level 9 of the Dungeon.
You worshipped Cheibriados.
Cheibriados was most pleased with you.
You were a tree.
You visited 1 branch of the dungeon, and saw 9 of its levels.

You collected 470 gold pieces.
You spent 420 gold pieces at shops.

Inventory:

Hand Weapons
 h - a +1 double sword (weapon)
Armour
 n - a +0 plate armour
 r - a +0 cloak (melded)
 y - +0 steam dragon scales (melded)
Magical Staves
 k - a staff of earth
Jewellery
 e - a ring of resist corrosion (right branch)
 m - an amulet of magic regeneration (around neck)
 o - a ring of positive energy
 t - a +6 ring of intelligence (left branch)
Wands
 c - a wand of flame (17)
 l - a wand of iceblast (20)
 v - a wand of polymorph (3)
Scrolls
 i - 3 scrolls of immolation
 s - a scroll of magic mapping
 x - a scroll of fear {unknown}
Potions
 d - 2 potions of lignification
 f - a potion of attraction
 j - a potion of resistance
 p - a potion of mutation


   Skills:
 + Level 8.2 Fighting
 + Level 8.1 Long Blades
 + Level 6.8 Armour
 - Level 1.5 Dodging
 - Level 1.2 Stealth
 - Level 3.7 Spellcasting
 - Level 4.8 Conjurations


You had 13 spell levels left.
You knew the following spells:

 Your Spells              Type           Power      Damage    Failure   Level
a - Magic Dart            Conj           100%       1d8       1%          1
b - Searing Ray           Conj           100%       3d7       1%          2

Your spell library contained the following spells:

 Spells                   Type           Power      Damage    Failure   Level
 Animate Skeleton         Necr           20%        N/A       4%          1
 Beastly Appendage        Tmut           20%        N/A       4%          1
 Pain                     Necr           40%        1d6       4%          1
 Dazzling Flash           Conj/Hex       74%        N/A       4%          3
 Wereblood                Tmut           10%        N/A       6%          2
 Ozocubu's Armour         Ice            10%        N/A       12%         3
 Spider Form              Tmut/Pois      5%         N/A       12%         3
 Vampiric Draining        Necr           5%         2d6       12%         3
 Fulminant Prism          Conj/Hex       18%        3d11      16%         4
 Iskenderun's Mystic Bla  Conj/Tloc      37%        2d9       16%         4
 Fireball                 Conj/Fire      18%        3d9       38%         5
 Metabolic Englaciation   Hex/Ice        5%         N/A       75%         5
 Conjure Ball Lightning   Conj/Air       18%        3x3d6     93%         6
 Simulacrum               Ice/Necr       5%         N/A       99%         6
 Spellforged Servitor     Conj/Summ      18%        N/A       100%        7


Dungeon Overview and Level Annotations

Branches:
Dungeon (9/15)             Temple (0/1) D:4
   Lair: D:8-11         Orc: D:9-12

Altars:
Ashenzari
Cheibriados
Fedhas
Gozag
Okawaru
Qazlal
Trog

Shops:
D:2 =   D:4 (

Annotations:
D:3 1 runed translucent door, Crazy Yiuf
D:9 Harold


Innate Abilities, Weirdness & Mutations

You are a tree.
Your roots penetrate the ground, keeping you stationary.
You cannot be teleported.
You are immune to unholy pain and torment.
Your maximum health is greatly increased.
Your equipment is partially melded.
(You are completely covered in rugged brown scales. (AC +3, +7% HP))
You have supernaturally acute eyesight. (SInv)
((Armour fits poorly on your strangely shaped body.))
((You can roll at nearby foes to attack.))
((You have a long armoured tail.))
((You curl defensively after being hit.))


Message History

It was a potion of invisibility.
You fade into invisibility!
The elephant tramples you but does no damage.
The elephant trunk-slaps you but does no damage.
Harold hits you but does no damage.
You are very lightly contaminated with residual magic.
It was a potion of brilliance.
You feel clever all of a sudden. The elephant barely misses you.
You riposte.
You strike the helpless elephant from behind!
You slash the elephant!
The elephant is moderately wounded.
The elephant trunk-slaps you but does no damage.
Harold hits you with a +5 scimitar of electrocution!
* * * LOW HITPOINT WARNING * * *
Unknown command.
It was a potion of flight.
Your roots keep you in place.
The elephant tramples you but does no damage.
The elephant trunk-slaps you but does no damage.
Harold gestures at you while chanting.
You barely resist.
Unknown command.
Okay, then.
Unknown command.
Casting: Searing Ray (safe; 1% risk of failure)
Confirm with . or Enter, or press ? or * to list all spells.
Okay, then.
Unknown command.
Casting: Searing Ray (safe; 1% risk of failure)
Confirm with . or Enter, or press ? or * to list all spells.
Aiming: Searing Ray (safe; 1% risk of failure)
Press: ? - help, Shift-Dir - straight line, f - Harold
Aim: Harold, wielding a +5 scimitar of electrocution, wearing a +0 scale mail and quivering 4 throwing nets (severely wounded, 90% to hit)
You feel a surge of power!
The searing ray hits Harold!
Harold is almost dead.
The searing ray hits the black bear!
The black bear is heavily wounded. (Press . to maintain the ray.)
The elephant tramples you.
You die...

#........# .##
####...#####...
#.....#...
#.....#.#
##.##...###
#........# #
######.#.###.##.
#.#.Yl§....
#..♣@h§....
###########


You could see Harold, an elephant, a black bear and a wyvern.

Vanquished Creatures
  Pikel (D:7)
  Grinder (D:6)
  2 wyverns (D:8)
  9 yaks
  2 steam dragons (D:8)
  2 water moccasins (D:7)
  An orc warrior (D:8)
  Duvessa (D:7)
  An ice beast (D:6)
  A sky beast (D:6)
  An ogre (D:6)
  2 centaurs (D:7)
  A phantom (D:4)
  4 lemures (D:7)
  A kobold brigand (D:7)
  2 bullfrogs (D:6)
  5 scorpions
  A water moccasin zombie (D:5)
  Dowan (D:7)
  4 wights (D:6)
  A bullfrog zombie (D:5)
  3 centaur skeletons
  A centaur zombie (D:8)
  An orc priest (D:8)
  3 hounds
  A bullfrog skeleton (D:6)
  Natasha (thrice) (D:4)
  Terence (D:3)
  2 orc wizards (D:8)
  2 killer bee zombies
  3 gnolls (D:4)
  7 adders
  2 adder skeletons (D:4)
  A worm (D:2)
  4 dart slugs
  10 orcs
  6 bats
  7 endoplasms
  2 giant cockroaches
  8 goblins
  7 hobgoblins
  5 jackals
  14 kobolds
  4 quokkas
  4 ball pythons
  4 frilled lizards
  6 rats
155 creatures vanquished.

Notes
Turn   | Place    | Note
-------+----------+-------------------------------------------
     0 | D:1      | Angani the Palentonga Conjurer began the quest for the Orb.
     0 | D:1      | Reached XP level 1. HP: 13/13 MP: 3/3
   179 | D:1      | Reached XP level 2. HP: 20/20 MP: 0/5
   863 | D:1      | Reached XP level 3. HP: 21/25 MP: 0/7
   929 | D:1      | Learned a level 2 spell: Searing Ray
  1598 | D:2      | Found Luusiun's Jewellery Shoppe.
  1720 | D:2      | Found a stormy altar of Qazlal.
  2280 | D:2      | Reached XP level 4. HP: 32/32 MP: 0/8
  2629 | D:3      | Noticed Terence
  2755 | D:3      | Found a stormy altar of Qazlal.
  2765 | D:3      | Found a snail-covered altar of Cheibriados.
  2787 | D:3      | Became a worshipper of Cheibriados the Contemplative
  2828 | D:3      | Found a runed translucent door.
  2829 | D:3      | Noticed Crazy Yiuf
  3159 | D:3      | Killed Terence
  3272 | D:3      | Reached XP level 5. HP: 33/37 MP: 4/10
  3525 | D:4      | Got Ylogu's Almanac of Attacks
  3666 | D:4      | Reached * piety under Cheibriados
  3703 | D:4      | Reached skill level 1 in Fighting
  3703 | D:4      | Reached skill level 1 in Long Blades
  3703 | D:4      | Reached skill level 1 in Armour
  3941 | D:4      | Found Fuej's Antique Weapon Shoppe.
  3948 | D:4      | Noticed Natasha
  3953 | D:4      | Killed Natasha
  3954 | D:4      | Reached XP level 6. HP: 38/46 MP: 4/11
  4021 | D:4      | Found a staircase to the Ecumenical Temple.
  4476 | D:4      | Noticed Natasha
  4478 | D:4      | Killed Natasha
  4712 | D:4      | Noticed Natasha
  4715 | D:4      | Killed Natasha
  4782 | D:5      | Entered Level 5 of the Dungeon
  4867 | D:5      | Gained mutation: You curl defensively after being hit.
                  | [Palentonga growth]
  4867 | D:5      | Reached XP level 7. HP: 36/54 MP: 5/12
  5240 | D:5      | Found a broken altar of Ashenzari.
  5417 | D:5      | Found an opulent altar of Gozag.
  5996 | D:6      | Found a bloodstained altar of Trog.
  6158 | D:6      | Found an iron altar of Okawaru.
  6163 | D:6      | Reached XP level 8. HP: 64/64 MP: 9/13
  6398 | D:6      | Reached ** piety under Cheibriados
  6460 | D:6      | Noticed Grinder
  6467 | D:6      | Killed Grinder
  6468 | D:6      | Reached skill level 5 in Armour
  6468 | D:6      | Reached XP level 9. HP: 30/73 MP: 14/14
  6797 | D:6      | Found a blossoming altar of Fedhas.
  7216 | D:7      | Noticed Duvessa
  7216 | D:7      | Noticed Dowan
  7752 | D:7      | Killed Dowan
  7784 | D:7      | Killed Duvessa
  8397 | D:7      | Noticed Pikel
  8480 | D:7      | Killed Pikel
  8489 | D:7      | Reached *** piety under Cheibriados
  9439 | D:8      | Reached XP level 10. HP: 50/85 MP: 9/15
 10837 | D:2      | Bought an amulet of magic regeneration for 420 gold pieces
 11120 | D:9      | Noticed Harold
 11131 | D:9      | Noticed an elephant
 11138 | D:9      | HP: 2/127 [Harold (12)]
 11140 | D:9      | Slain by an elephant

Illustrated notes

Levels and vault maps discovered:
D:1:      minmay_arrival_shoal_huts, layout_basic
D:2:      layout_loops_corners, serial_shops, nicolae_square_shop, basic_altar
D:3:      layout_rooms, amethyst_overflow_temple_binary,
          uniq_crazy_yiuf_cottage, uniq_terence
D:4:      layout_basic, minmay_temple_entry_grid, serial_shops,
          nicolae_shop_waterfront, minmay_diced_spiral, uniq_natasha
D:5:      layout_basic, general_overflow_altar, cheibrodos_ashenzari_chains
D:6:      layout_cave_pods, mainiacjoe_overflow_catwalk, fedhas_altar_4,
          okawaru_metal_pillars_3, uniq_grinder
D:7:      layout_basic, kennysheep_generic_room_10, uniq_duvessa, uniq_pikel
D:8:      layout_cave_pods
D:9:      layout_loops_ring, mainiacjoe_overflow_alcove_2, david_lair_generic,
          uniq_harold

Skill      XL: |  1  2  3  4  5  6  7  8  9 10 |
---------------+-------------------------------+-----
Conjurations   | 4 |  4.8
Spellcasting   | 3 |  3.7
Fighting       | 1 2 4 6 7 8 |  8.2
Long Blades    | 1 2 4 6 7 8 |  8.1
Armour         | 1 2 3 5 6 |  6.8
Dodging        | |  1.5
Stealth        | |  1.2

Action                   |  1- 3 |  4- 6 |  7- 9 | 10-12 || total
-------------------------+-------+-------+-------+-------++-------
Melee: Unarmed           |     4 |       |       |       ||     4
       Tailslap          |     1 |     4 |    12 |       ||    17
       Double sword      |     1 |    40 |    53 |    10 ||   104
 Cast: Magic Dart        |    74 |    65 |     9 |       ||   148
       Searing Ray       |     7 |    11 |    36 |    11 ||    65
 Abil: Rolling Charge    |       |     1 |       |       ||     1
Evoke: Wand              |       |       |     4 |     1 ||     5
  Use: Potion            |       |     1 |     1 |     5 ||     7
       Scroll            |       |     2 |    13 |     2 ||    17
 Stab: Invisible         |       |       |       |     1 ||     1
Armor: Robe              |    11 |     2 |       |       ||    13
       Scale mail        |       |    37 |    80 |     7 ||   124
       Skin              |       |    14 |     3 |    14 ||    31
       Steam dragon scal |       |       |       |     6 ||     6
Dodge: Dodged            |     6 |    26 |    59 |    10 ||   101
       Rpst.: Double sword |     1 |     8 |    14 |     3 ||    26
